 Dungeon Crawl Stone Soup version 0.31-a0-1576-ga3383bade6 (webtiles) character file.

Game seed: 13120025219901514886

100 Warped the Shooter (level 4, -1/36 HPs)
             Began as a Demigod Hunter on Jan 5, 2024.
             Incinerated by a bombardier beetle (2 damage)
             ... with a burning spray
             ... on level 3 of the Dungeon.
             The game lasted 00:03:56 (1349 turns).

Warped the Shooter (Demigod Hunter)                 Turns: 1349, Time: 00:03:57

Health: -1/36      AC: 11    Str: 16      XL:     4   Next: 23%
Magic:  6/6        EV: 15    Int:  9 (11) God:
Gold:   202        SH:  0    Dex: 15 (17) Spells: 3/3 levels left

rFire   . . .        a - +0 shortbow
rCold   . . .        (shield currently unavailable)
rNeg    . . .        m - +0 scale mail
rPois   .            (no helmet)
rElec   .            r - +0 cloak
rCorr   .            (no gloves)
SInv    .            (no boots)
Will    +....        (no amulet) Stlth
                     c - +4 ring of protection
HPRegen 0.26/turn    n - +5 ring of evasion
MPRegen 0.10/turn

%: no passive effects
@: on fire, enlightened, flying, glowing
A: high MP 1, forlorn, divine attributes
a: no special abilities


You were on level 3 of the Dungeon.
You visited 1 branch of the dungeon, and saw 3 of its levels.

You collected 202 gold pieces.

Inventory:

Hand Weapons
 a - a +0 shortbow (weapon)
 d - a +0 short sword
Armour
 j - a +0 plate armour
 m - a +0 scale mail (worn)
 r - a +0 cloak (worn)
Jewellery
 c - a +4 ring of protection (left hand)
 g - a ring of ice
 n - a +5 ring of evasion (right hand)
Scrolls
 b - a scroll of butterflies
 e - 3 scrolls of identify
 f - a scroll of enchant armour {unknown}
 h - 2 scrolls of immolation
 i - 2 scrolls of revelation {unknown}
 l - 2 scrolls of fear {unknown}
 p - a scroll of teleportation {unknown}


   Skills:
 - Level 1.7 Fighting
 * Level 5.0 Ranged Weapons
 + Level 1.7 Armour
 - Level 1.7 Dodging
 - Level 0.8 Stealth


You had 3 spell levels left.
You didn't know any spells.
Your spell library contained the following spells:

 Spells                   Type           Power      Damage    Failure   Level
 Momentum Strike          Conj/Tloc      0%         3d8       92%         2
 Inner Flame              Hex/Fire       0%         N/A       99%         3
 Iskenderun's Mystic Bla  Conj/Tloc      0%         2d3       100%        4
 Fireball                 Conj/Fire      0%         3d3       100%        5


Dungeon Overview and Level Annotations

Branches:
Dungeon (3/15)

Shops:
D:2 =


Innate Abilities, Weirdness & Mutations

You have an increased reservoir of magic. (+10% MP)
You shall have no god before yourself.
Your divine heritage dramatically boosts your attributes as you level up.


Message History

You shake off some of the fire as you move.
The liquid fire burns you!
* * * LOW HITPOINT WARNING * * *
The bombardier beetle sprays incendiary fluid at you.
The burning spray hits you.
You are even more covered in liquid fire!
It was a potion of curing.
You feel better. The liquid fire burns you!
You aren't carrying any items that you can evoke.
Unknown command.
It was a potion of enlightenment.
You feel very buoyant.
You fly up into the air.
The liquid fire burns you!
* * * LOW HITPOINT WARNING * * *
It was a potion of degeneration.
There was something very wrong with that liquid.
You feel weakened.
You feel dopey.
You feel clumsy. The liquid fire burns you!
* * * LOW HITPOINT WARNING * * *
You feel better. The liquid fire burns you!
* * * LOW HITPOINT WARNING * * *
The bombardier beetle closely misses you.
Fire: a) +0 shortbow
Press: ? - help, Q - select action Shift-Dir - straight line, f/p - bombardier beetle
Aim: a bombardier beetle (almost dead, 71% to hit)
You shoot an arrow. The arrow hits the bombardier beetle!
You kill the bombardier beetle!
The liquid fire burns you!
* * * LOW HITPOINT WARNING * * *
You feel your strength returning.
Your Ranged Weapons skill increases to level 5!
You have reached level 4!
You aren't carrying any potions.
Okay, then.
As you read the scroll labelled ZUNO BENTAQEQU, it crumbles to dust.
It is a scroll of identify.
h - 2 scrolls of immolation The liquid fire burns you!
You die...

#......##.......#####
####....+.......#
#.##.#.......# ##
#.##.######### .
#.##.# #.#.##.#
#.#.##.# #......#
###@#### #.# #......#
#.######


There were no monsters in sight!

Vanquished Creatures
  A bombardier beetle (D:3)
  An adder (D:2)
  A dart slug (D:3)
  A ribbon worm (D:3)
  3 endoplasms
  A giant cockroach (D:1)
  5 goblins
  10 hobgoblins
  2 jackals (D:2)
  3 quokkas (D:2)
  6 ball pythons
  4 bats
  4 frilled lizards
  5 kobolds
  2 rats (D:2)
49 creatures vanquished.

Notes
Turn   | Place    | Note
-------+----------+-------------------------------------------
     0 | D:1      | Warped the Demigod Hunter began the quest for the Orb.
     0 | D:1      | Reached XP level 1. HP: 17/17 MP: 3/3
   124 | D:1      | Reached skill level 4 in Ranged Weapons
   332 | D:1      | Reached XP level 2. HP: 24/24 MP: 4/4
   361 | D:1      | Got Sif Muna's Annotations on Elliptic Pyromania
   778 | D:2      | Reached XP level 3. HP: 29/29 MP: 5/5
   813 | D:2      | Found Ninax's Jewellery Shoppe.
   911 | D:2      | Reached skill level 1 in Armour
  1348 | D:3      | HP: 1/29 [burnt (7)]
  1349 | D:3      | Reached skill level 5 in Ranged Weapons
  1349 | D:3      | Reached XP level 4. HP: 1/36 MP: 6/6
  1349 | D:3      | Incinerated by a bombardier beetle

Illustrated notes

Levels and vault maps discovered:
D:1:      dpeg_arrival_windows_large_door, layout_rooms,
          dreamdust_ecumenical_altar_statues, grunt_decor_arrowhead,
          st_stairs_12, nrook_loot_triangle
D:2:      layout_basic, serial_shops, nicolae_shop_tiny_real_fake_doors,
          basic_altar, chequers_mini_garden
D:3:      layout_basic, grunt_ministairs_1, minmay_tree_intersection

Skill      XL: |  1  2  3 |
---------------+----------+-----
Ranged Weapons | 4 5 |  5.0
Armour         | 1 |  1.7
Fighting       | |  1.7
Dodging        | |  1.7
Stealth        | |  0.8

Action                     |  1- 3 |  4- 6 || total
---------------------------+-------+-------++-------
   Fire: Shortbow          |   158 |       ||   158
    Use: Potion            |     4 |       ||     4
         Scroll            |       |     1 ||     1
 Armour: Leather armour    |    15 |       ||    15
         Ring mail         |    11 |       ||    11
         Scale mail        |    11 |       ||    11
  Dodge: Dodged            |    73 |       ||    73

Table legend: (Time is in decaauts)
 A = Elapsed time spent in this place.
 B = Non-inter-level travel time spent in this place.
 C = Inter-level travel time spent in this place.
 D = Time resting spent in this place.
 E = Time spent auto-exploring this place.
 F = Levels seen in this place.
 G = Mean time per level.
                   A        B        C        D        E       F      G
               +--------+--------+--------+--------+--------+-----+--------+
         Total |   1399 |   1324 |     75 |     62 |    907 |   3 |  466.3 |
       Dungeon |   1399 |   1324 |     75 |     62 |    907 |   3 |  466.3 |
               +--------+--------+--------+--------+--------+-----+--------+

Top non-repeatable levels by time:
     D:1: 688 daAuts
     D:2: 516 daAuts
     D:3: 194 daAuts
